 Dungeon Crawl Stone Soup version 0.31-a0-1005-gfbdfbac (webtiles) character file.

Game seed: 15762759030549908726

598 Partyfoot the Shield-Bearer (level 7, -1/38 (56) HPs)
             Began as a Formicid Fighter on Nov 11, 2023.
             Slain by an orc priest
             ... wielding a +0 club
              (3 damage)
             ... on level 4 of the Dungeon.
             The game lasted 00:11:13 (3334 turns).

Partyfoot the Shield-Bearer (Formicid Fighter)      Turns: 3334, Time: 00:11:14

HP:   -1/38 (56)    AC:  9    Str: 20    XL:     7   Next: 68%
MP:   7/7           EV:  9    Int:  8    God:
Gold: 1269          SH:  6    Dex: 15    Spells: 6/6 levels left

rFire   . . .        a - +0 quarterstaff
rCold   . . .        c - +0 buckler
rNeg    . . .        b - +0 scale mail
rPois   .            (helmet unavailable)
rElec   .            (no cloak)
rCorr   .            (no gloves)
SInv    +            q - +1 pair of boots
Will    .....        (no amulet) Stlth
                     (no ring)
HPRegen 0.26/turn    (no ring)
MPRegen 0.10/turn

%: no passive effects
@: very heavily drained
A: permanent stasis, dig shafts and tunnels, antennae 3, four strong arms
a: Dig, Shaft Self


You were on level 4 of the Dungeon.
You visited 1 branch of the dungeon, and saw 4 of its levels.

You collected 1269 gold pieces.

Inventory:

Hand Weapons
 a - a +0 quarterstaff (weapon)
 r - a +2 sling of electrocution
Armour
 b - a +0 scale mail (worn)
 c - a +0 buckler (worn)
 q - a +1 pair of boots (worn)
Wands
 e - a wand of roots (10)
Scrolls
 f - a scroll of identify
 j - 2 scrolls of teleportation
 n - 3 scrolls of amnesia
Potions
 d - 2 potions of might
 g - a potion of enlightenment {unknown}
 h - a potion of ambrosia
 k - 2 potions of curing


   Skills:
 + Level 5.1 Fighting
 + Level 4.1 Staves
 + Level 2.1 Ranged Weapons
 + Level 5.1 Armour
 + Level 6.2 Shields


You had 6 spell levels left.
You didn't know any spells.
Your spell library contained the following spells:

 Spells                   Type           Power      Damage    Failure   Level
 Dazzling Flash           Conj/Hex       0%         N/A       99%         3
 Agony                    Necr           0%         N/A       100%        5
 Silence                  Hex/Air        0%         N/A       100%        5


Dungeon Overview and Level Annotations

Branches:
Dungeon (4/15)
 Temple: D:4-7

Altars:
Ashenzari
Qazlal


Innate Abilities, Weirdness & Mutations

You cannot be hasted, slowed, berserked, paralysed or teleported.
You can dig through walls and to a lower floor.
You have a pair of large antennae on your head. (SInv)
Your four strong arms can wield two-handed weapons with a shield.


Message History

The orc priest invokes the aid of Beogh against you.
Beogh smites you!
There is an open door here.
You closely miss the orc wizard. The orc wizard casts a spell at you.
The puff of flame misses you.
You closely miss the orc wizard.
The orc wizard hits you but does no damage.
You feel drained.
You barely miss the orc wizard.
The orc wizard hits you with a +2 dagger of draining.
You feel drained. The orc priest hits you with a +0 club.
The orc hits you but does no damage.
You hit the orc wizard.
The orc wizard is moderately wounded.
The orc wizard hits you but does no damage.
You feel drained.
The orc priest begins to cast a cantrip, but forgets the words!
You block the orc's attack.
You barely miss the orc priest.
The orc wizard hits you with a +2 dagger of draining.
You feel drained.
The orc priest hits you but does no damage.
The orc hits you but does no damage.
You hit the orc priest but do no damage.
The orc wizard hits you but does no damage.
You feel drained. You block the orc's attack.
The orc priest hits you with a +0 club. The orc hits you with a +0 hand axe.
You hit the orc priest but do no damage.
The orc wizard hits you but does no damage.
You feel drained. The orc hits you but does no damage.
The orc priest calls down the wrath of Beogh upon you.
Pain shoots through your body!
* * * LOW HITPOINT WARNING * * *
The orc hits you but does no damage.
You hit the orc priest but do no damage.
You block the orc wizard's attack. The orc hits you with a +0 hand axe.
* * * LOW HITPOINT WARNING * * *
The orc priest hits you with a +0 club.
You die...

##.######.###
#.#'#.............. ###
#...<# #.#.#..............
#..###.#.#.#..............
#......#.#.#..............
##.#####.#.#......###.####
#.......#.#......# ##.#.#
#########.#....#####.#.#.
#######'#...........#..
#...oo@.............#..
#....ooo.......###..#..
#..............# #..#[.
#..............#'#..#..
#######'#....'......'..
#.#....##....##..
#.####........'.. .#
##########.. ....


You could see an orc priest, an orc wizard and 3 orcs.

Vanquished Creatures
  Grinder (D:4)
  A black bear (D:4)
  An orc priest (D:3)
  An iguana (D:4)
  2 orc wizards
  4 adders
  8 gnolls (D:4)
  A worm (D:3)
  3 dart slugs
  12 orcs
  9 bats
  9 endoplasms
  4 giant cockroaches
  6 hobgoblins
  5 jackals
  4 quokkas
  6 ball pythons
  A frilled lizard (D:3)
  6 goblins
  4 kobolds
  4 rats
92 creatures vanquished.

Notes
Turn   | Place    | Note
-------+----------+-------------------------------------------
     0 | D:1      | Partyfoot the Formicid Fighter began the quest for the Orb.
     0 | D:1      | Reached XP level 1. HP: 18/18 MP: 1/1
    78 | D:1      | Reached XP level 2. HP: 24/24 MP: 2/2
   513 | D:1      | Reached XP level 3. HP: 22/29 MP: 3/3
   941 | D:2      | Reached XP level 4. HP: 37/37 MP: 4/4
  1432 | D:3      | Found a faded altar of an unknown god.
  1458 | D:3      | Found a stormy altar of Qazlal.
  1605 | D:3      | Reached XP level 5. HP: 25/42 MP: 5/5
  1785 | D:3      | Reached skill level 5 in Shields
  2256 | D:3      | Found a broken altar of Ashenzari.
  2621 | D:4      | Noticed Grinder
  2643 | D:4      | Killed Grinder
  2644 | D:4      | Reached skill level 1 in Ranged Weapons
  2644 | D:4      | Reached XP level 6. HP: 31/49 MP: 6/6
  2644 | D:4      | Reached XP level 7. HP: 35/55 MP: 7/7
  2885 | D:4      | Identified a scroll of acquirement
  2885 | D:4      | Acquired 1110 gold pieces
  2900 | D:4      | Reached skill level 5 in Fighting
  2900 | D:4      | Reached skill level 5 in Armour
  2900 | D:4      | Reached skill level 6 in Shields
  3334 | D:4      | Slain by an orc priest

Illustrated notes

Levels and vault maps discovered:
D:1:      minmay_arrival_stone_box, layout_basic, st_stairs_2, minmay_distorted
D:2:      layout_basic
D:3:      layout_basic, nicolae_qazlal_general_emergency,
          mainiacjoe_overflow_alcove_1, shapermc_ecumenical_altar_starsandcircs
D:4:      layout_basic, nicolae_overflow_hidden_temple, serial_shops,
          kennysheep_mini_moat, minmay_ruined_shrine, uniq_grinder, uniq_edmund

Skill      XL: |  1  2  3  4  5  6  7 |
---------------+----------------------+-----
Fighting       | 4 5 |  5.1
Armour         | 4 5 |  5.1
Shields        | 5 6 |  6.2
Staves         | 3 4 |  4.1
Ranged Weapons | 1 2 |  2.1

Action                     |  1- 3 |  4- 6 |  7- 9 || total
---------------------------+-------+-------+-------++-------
  Melee: Quarterstaff      |   105 |   133 |    78 ||   316
Ability: Dig               |       |       |     4 ||     4
    Use: Potion            |       |     7 |       ||     7
         Scroll            |       |     5 |     3 ||     8
 Armour: Scale mail        |    84 |    84 |    67 ||   235
  Dodge: Dodged            |    59 |    53 |    25 ||   137
  Block: Buckler           |    27 |    41 |    21 ||    89

Table legend: (Time is in decaauts)
 A = Elapsed time spent in this place.
 B = Non-inter-level travel time spent in this place.
 C = Inter-level travel time spent in this place.
 D = Time resting spent in this place.
 E = Time spent auto-exploring this place.
 F = Levels seen in this place.
 G = Mean time per level.
                   A        B        C        D        E       F      G
               +--------+--------+--------+--------+--------+-----+--------+
         Total |   3390 |   3230 |    160 |    572 |   1940 |   4 |  847.5 |
       Dungeon |   3390 |   3230 |    160 |    572 |   1940 |   4 |  847.5 |
               +--------+--------+--------+--------+--------+-----+--------+

Top non-repeatable levels by time:
     D:3: 1066 daAuts
     D:4: 878 daAuts
     D:1: 723 daAuts
     D:2: 722 daAuts
